Map: Ice and Chrome LE

Players

TIME (Oliveira) - Winner!

  • Race: Terran Terran
  • League: Master
  • Spawn Location: 7:00

JieShi

  • Race: Protoss Protoss
  • Spawn Location: 1:00

Event: DreamHack SC2 Masters 2020 Fall

VOD

Have the link to the VOD?

Description

Time

  • Played on: Sept. 6, 2020, 9:55 a.m.
  • Length: 15:30

All games in this series

Show
View Real Time Build Order
Export as new Build Order

TIME Terran - Winner!

Build Orders: Reaper Expand 

Get SALT Encoding   

  12  0:00  SCV  
  13  0:12  SCV  
  14  0:17  Supply Depot  
  14  0:25  SCV  
  15  0:38  SCV  
  15  0:40  Barracks  
  16  0:44  Refinery  
  16  0:51  SCV  
  17  1:03  SCV  
  18  1:15  SCV  
  19  1:28  Reaper, Orbital Command  
  20  1:40  Command Center  
  20  1:49  Supply Depot  
  20  1:54  SCV  
  20  2:00  Marine  
  22  2:06  SCV  
  23  2:12  Factory  
  23  2:17  Refinery  
  23  2:18  SCV  
  24  2:22  Barracks Reactor  
  24  2:33  SCV  
  24  2:34  Barracks  
  25  2:45  SCV  
  26  2:56  Orbital Command  
  26  2:58  Factory Tech Lab  
  26  2:59  SCV  
  26  3:00  Marine x2  
  29  3:11  SCV  
  30  3:18  Cyclone  
  33  3:22  SCV, Barracks Tech Lab  
  33  3:23  SCV  
  33  3:26  Marine x2  
  37  3:27  Supply Depot  
  37  3:34  SCV  
  37  3:35  SCV  
  39  3:41  Stimpack, Marine  
  39  3:43  Marine  
  39  3:46  SCV  
  39  3:48  SCV  
  43  3:50  Starport  
  43  3:52  Marine  
  43  3:55  Factory Reactor  
  44  3:58  SCV  
  44  4:00  SCV, Supply Depot, Marine  
  47  4:04  Marine  
  47  4:10  SCV, Marine  
  47  4:12  SCV  
  47  4:16  Engineering Bay  
  50  4:18  Marine  
  50  4:22  SCV, Marine  
  50  4:23  Supply Depot  
  54  4:24  SCV  
  54  4:28  Marine  
  54  4:30  Refinery  
  55  4:34  Medivac x2  
  55  4:36  SCV x2, Marine  
  62  4:46  Refinery  
  62  4:47  Supply Depot, Marine  
  62  4:48  SCV, Marine  
  62  4:49  SCV  
  62  4:52  Terran Infantry Weapons Level 1  
  66  4:53  Marine  
  67  5:01  SCV x2  
  67  5:05  Marine  
  70  5:08  Barracks  
  70  5:09  Siege Tank  
  70  5:10  Supply Depot  
  73  5:15  Starport Reactor  
  73  5:17  SCV x2  
  73  5:19  Supply Depot  
  73  5:20  Marine x2  
  77  5:29  SCV  
  77  5:32  SCV  
  77  5:34  Marine  
  77  5:35  Supply Depot  
  77  5:38  Marine  
  77  5:42  SCV  
  77  5:48  Marine  
  77  5:49  Siege Tank  
  78  5:52  Marine  
  78  5:53  Liberator x2  
  78  5:56  Marine  
  86  5:58  Supply Depot  
  86  5:59  Marine x2  
  86  6:02  Command Center  
  88  6:05  SCV x2  
  88  6:06  Marine  
  88  6:08  Combat Shield  
  91  6:13  Marine  
  91  6:14  Marine  
  91  6:17  Marine  
  94  6:19  Marine  
  94  6:22  Supply Depot  
  94  6:24  Marine, Siege Tank  
  100  6:25  SCV  
  100  6:31  Marine x2  
  102  6:33  SCV  
  102  6:34  Supply Depot  
  102  6:37  Marine  
  104  6:41  Liberator  
  104  6:43  SCV, Marine  
  104  6:46  Terran Infantry Armor Level 1  
  109  6:49  Liberator  
  109  6:50  Marine  
  109  6:53  Marine  
  114  6:55  Marine  
  114  6:59  Marine  
  114  7:00  Siege Tank  
  118  7:04  Marine  
  118  7:15  Marine x2  
  113  7:18  Orbital Command  
  113  7:22  Barracks x2  
  115  7:27  Marine  
  115  7:29  Marine  
  98  7:33  Marine x2  
  98  7:35  Viking x2, Siege Tank  
  99  7:44  SCV x2, Marine  
  99  7:45  SCV  
  99  7:49  Engineering Bay, Marine  
  99  7:50  Armory, Marauder  
  105  7:56  SCV x2  
  105  7:57  SCV, Marine  
  109  8:02  Marine  
  109  8:05  Marine  
  111  8:07  Supply Depot x2  
  111  8:08  Viking, SCV x2  
  111  8:09  SCV  
  111  8:12  Siege Tank  
  119  8:15  Barracks Tech Lab x2  
  119  8:16  Marine  
  120  8:20  Viking  
  120  8:23  Marauder  
  120  8:25  SCV x2  
  120  8:26  Marine x2  
  128  8:27  Marine  
  128  8:31  Refinery x2  
  129  8:34  Marine  
  129  8:36  Missile Turret  
  129  8:39  Concussive Shells, Marauder x2  
  129  8:41  Viking  
  136  8:43  SCV  
  136  8:44  SCV  
  136  8:47  SCV  
  139  8:53  Marauder  
  140  8:55  Siege Tank  
  140  8:56  Command Center  
  140  8:57  Marine x2  
  140  9:01  Marauder  
  140  9:02  Sensor Tower  
  147  9:06  Marine x2  
  149  9:15  Marauder, Marine x2  
  153  9:19  Terran Infantry Armor Level 2, Terran Infantry Weapons Level 2  
  153  9:24  Supply Depot  
  153  9:27  Marauder  
  153  9:31  Marine x2  
  156  9:33  SCV  
  156  9:36  Supply Depot  
  157  9:38  Viking  
  157  9:39  Marauder, Siege Tank  
  157  9:44  Marine  
  157  9:45  Viking, Marauder  
  169  9:46  Marine  
  169  9:48  Marauder, Marine  
  169  9:50  Supply Depot  
  173  9:53  Ghost Academy  
  173  9:57  Marine  
  173  9:58  Supply Depot  
  176  10:08  Supply Depot, Marine x2  
  176  10:10  Barracks  
  176  10:11  Barracks  
  176  10:12  Barracks, Siege Tank  
  181  10:17  Terran Ship Weapons Level 1  
  181  10:25  Ghost x3  
  185  10:31  Enhanced Shockwaves  
  185  10:32  Marine x2  
  185  10:33  Marine  
  188  10:39  Marine  
  188  10:45  Planetary Fortress  
  188  10:47  Refinery  
  188  10:48  Refinery  
  187  10:53  Ghost  
  189  11:01  Barracks Reactor  
  189  11:02  Barracks Tech Lab x2  
  188  11:04  Sensor Tower  
  188  11:09  SCV  
  188  11:10  SCV  
  188  11:12  SCV  
  161  11:25  Marine  
  161  11:26  Marauder  
  161  11:30  Marine  
  161  11:32  Ghost  
  138  11:35  Ghost  
  138  11:36  Ghost  
  138  11:37  Ghost, Marine x2  
  138  11:38  SCV x2, Marine  
  138  11:39  SCV  
  152  11:40  Command Center  
  152  11:44  Marine  
  152  11:46  Medivac, Siege Tank  
  152  11:47  Medivac, Marauder  
  162  11:57  Marine x2  
  162  11:58  Marine  
  162  11:59  SCV  
  166  12:02  Terran Infantry Weapons Level 3  
  166  12:07  Missile Turret  
  166  12:08  Terran Infantry Armor Level 3  
  166  12:13  Marauder x4  
  166  12:15  Marauder  
  176  12:16  Marine  
  176  12:17  Marine  
  176  12:18  Marine  
  182  12:22  Siege Tank  
  182  12:23  Marine x2  
  182  12:27  Terran Ship Weapons Level 2  
  182  12:28  Marine  
  185  12:36  Ghost  
  189  12:37  Marauder  
  189  12:38  Marauder x2  
  189  12:42  Marine x3  
  189  12:43  Marauder  
  198  12:44  Marine x2  
  198  12:50  Medivac  
  199  13:09  Marine  
  199  13:10  Marauder  
  196  13:17  SCV  
  196  13:18  Marine  
  186  13:21  Marauder, Marine  
  174  13:27  SCV x2, Marine  
  174  13:28  Marauder, Marine x4  
  174  13:30  Siege Tank  
  178  13:34  SCV  
  178  13:37  Marauder, Marine x2  
  178  13:38  Marine  
  183  13:44  Marine  
  183  13:47  Marauder  
  185  13:52  Marine  
  185  13:53  Marauder  
  185  13:55  Medivac  
  187  13:59  Marauder, Marine x2  
  187  14:01  SCV  
  193  14:03  SCV x2  
  193  14:05  Planetary Fortress  
  192  14:11  Marine x2  
  192  14:12  SCV, Marauder  
  192  14:13  SCV  
  196  14:19  Starport  
  196  14:21  Command Center  
  192  14:29  SCV  
  187  14:31  Ghost, Sensor Tower  
  187  14:32  Marine x2  
  187  14:33  Marauder  
  187  14:34  SCV x2  
  187  14:38  Ghost  
  192  14:43  Medivac, Siege Tank  
  197  14:50  Ghost  
  181  14:55  Marine x2  
  181  14:56  Marauder  
  181  14:57  SCV  
  177  15:02  Marine  
  177  15:03  Marauder  
  177  15:05  Marine  
  177  15:06  SCV  
Show
View Real Time Build Order
Export as new Build Order

JieShi Protoss 

Build Orders: 1 Gate Expand, Colossus Rush 

Get SALT Encoding   

  12  0:00  Probe  
  13  0:12  Probe  
  14  0:17  Pylon  
  14  0:24  Probe (Chrono Boost)  
  15  0:36  Probe (Chrono Boost), Gateway  
  16  0:43  Probe (Chrono Boost)  
  16  0:46  Assimilator  
  17  0:51  Probe  
  18  1:03  Probe  
  19  1:15  Probe  
  20  1:22  Nexus  
  20  1:31  Cybernetics Core  
  20  1:35  Probe  
  21  1:40  Assimilator  
  22  1:47  Probe  
  22  1:50  Pylon  
  22  1:59  Probe  
  23  2:05  Adept (Chrono Boost)  
  23  2:08  Warp Gate  
  25  2:11  Probe  
  26  2:22  Stalker (Chrono Boost)  
  26  2:24  Probe (Chrono Boost), Robotics Facility  
  27  2:34  Probe (Chrono Boost)  
  31  2:41  Probe (Chrono Boost)  
  31  2:43  Probe (Chrono Boost)  
  32  2:48  Probe x2 (Chrono Boost)  
  34  2:59  Probe  
  34  3:00  Probe  
  34  3:02  Sentry  
  38  3:11  Probe  
  38  3:12  Probe, Observer (Chrono Boost)  
  41  3:22  Gateway  
  41  3:23  Probe  
  41  3:24  Probe, Gateway  
  43  3:28  Pylon  
  43  3:31  Observer (Chrono Boost)  
  43  3:34  Pylon  
  44  3:36  Probe x2  
  46  3:44  Assimilator  
  46  3:46  Assimilator  
  46  3:48  Probe (Chrono Boost), Observer  
  48  3:49  Probe (Chrono Boost)  
  48  3:51  Pylon  
  49  3:56  Stalker, Observer  
  49  4:01  Probe (Chrono Boost)  
  49  4:02  Observer  
  53  4:05  Probe (Chrono Boost)  
  53  4:07  Probe (Chrono Boost)  
  54  4:12  Probe, Robotics Bay  
  54  4:13  Forge  
  54  4:15  Probe  
  56  4:24  Probe  
  56  4:27  Probe  
  56  4:29  Pylon  
  58  4:36  Probe  
  59  4:41  Nexus  
  59  4:45  Protoss Ground Weapons Level 1  
  59  4:56  Probe x2, Colossus (Chrono Boost)  
  59  4:58  Twilight Council  
  67  5:02  Extended Thermal Lance  
  67  5:07  Shield Battery  
  67  5:08  Stalker  
  67  5:13  Stalker  
  71  5:18  Stalker  
  73  5:32  Observer  
  73  5:35  Probe x2  
  74  5:36  Stalker x2  
  74  5:38  Observer  
  74  5:42  Colossus (Chrono Boost)  
  72  5:47  Probe x2  
  73  5:52  Gateway  
  73  5:54  Gateway  
  73  5:55  Charge (Chrono Boost)  
  73  6:03  Gateway  
  73  6:06  Observer  
  73  6:08  Sentry, Zealot x2  
  79  6:13  Gateway, Observer  
  79  6:17  Gateway  
  79  6:18  Probe (Chrono Boost)  
  81  6:24  Probe x2 (Chrono Boost)  
  82  6:28  Probe (Chrono Boost)  
  82  6:31  Pylon  
  82  6:32  Probe x2 (Chrono Boost)  
  84  6:33  Probe (Chrono Boost)  
  84  6:37  Pylon  
  85  6:40  Templar Archives  
  85  6:45  Colossus (Chrono Boost)  
  85  6:49  Pylon  
  85  6:52  Photon Cannon  
  91  6:54  Shield Battery  
  91  6:55  Zealot  
  91  6:56  Zealot  
  91  6:58  Zealot  
  97  7:03  Pylon  
  97  7:12  Protoss Ground Armor Level 1 (Chrono Boost)  
  93  7:16  Zealot x2  
  93  7:17  Zealot x3  
  93  7:21  Stalker x2, Pylon  
  95  7:35  Zealot, Observer  
  91  7:37  Warp Prism (Chrono Boost)  
  91  7:40  Stalker  
  91  7:41  Stalker  
  91  7:43  High Templar x2  
  101  7:45  Zealot x3  
  101  7:47  Probe, Pylon  
  101  7:48  Probe  
  101  7:50  Probe, Observer  
  110  8:04  Pylon  
  110  8:06  Zealot x2, High Templar x2  
  118  8:13  Probe  
  118  8:17  Archon, Observer  
  118  8:18  Zealot x4  
  125  8:24  Colossus (Chrono Boost)  
  131  8:27  Probe  
  131  8:28  Probe x2, Photon Cannon  
  131  8:32  Pylon  
  134  8:52  Zealot x3, High Templar x2  
  134  8:53  Zealot x2  
  134  8:54  Pylon  
  148  8:56  Archon  
  148  8:58  Archon  
  148  9:00  Nexus  
  148  9:03  Pylon, Blink (Chrono Boost)  
  146  9:14  Warp Prism  
  146  9:16  Observer  
  144  9:21  Forge  
  144  9:24  Protoss Ground Armor Level 2 (Chrono Boost)  
  144  9:32  Probe  
  144  9:33  Probe x2  
  144  9:36  Pylon  
  147  9:48  Robotics Facility  
  147  9:49  Photon Cannon  
  147  9:50  Probe x3, Immortal (Chrono Boost)  
  147  9:51  Protoss Ground Weapons Level 2 (Chrono Boost)  
  154  9:53  Pylon  
  154  10:05  Pylon  
  154  10:08  Pylon  
  154  10:10  Dark Shrine  
  154  10:12  Zealot x3  
  154  10:13  Zealot x3  
  166  10:24  Gateway  
  166  10:25  Gateway  
  166  10:26  Immortal (Chrono Boost)  
  170  10:32  Pylon  
  170  10:39  Immortal (Chrono Boost)  
  174  10:53  Zealot x2, High Templar x2  
  174  10:54  Zealot x4  
  190  10:58  Archon  
  190  11:07  Gateway  
  190  11:11  Gateway  
  188  11:24  Stalker  
  188  11:25  Stalker, Zealot  
  152  11:26  Warp Prism (Chrono Boost), Zealot x2  
  110  11:34  High Templar  
  110  11:35  Zealot x5, High Templar  
  110  11:36  Zealot x3  
  114  11:41  Archon  
  114  11:46  Colossus (Chrono Boost)  
  114  11:49  Nexus  
  114  11:50  Pylon  
  114  11:56  Protoss Ground Armor Level 3 (Chrono Boost)  
  114  11:59  Zealot x2  
  114  12:00  Zealot x6  
  130  12:07  Probe (Chrono Boost)  
  134  12:09  Sentry, Zealot x3  
  134  12:10  Probe (Chrono Boost)  
  134  12:11  Probe x2 (Chrono Boost)  
  143  12:17  Probe (Chrono Boost)  
  143  12:24  Probe  
  143  12:25  Assimilator, Disruptor  
  143  12:29  Zealot x6, Assimilator  
  159  12:35  Nexus  
  159  12:36  Probe  
  160  12:40  Stalker  
  160  12:41  Stalker x2  
  166  12:56  Zealot  
  166  12:57  Zealot x5  
  166  12:58  Zealot x3  
  180  13:00  Disruptor  
  187  13:06  Disruptor  
  180  13:19  Stalker x2  
  174  13:20  Zealot x3  
  174  13:22  Zealot  
  174  13:25  Zealot  
  174  13:33  Nexus  
  171  13:34  Zealot  
  171  13:35  Zealot, Disruptor  
  171  13:41  Zealot x2  
  163  14:00  Zealot x2, High Templar x2  
  163  14:01  Zealot x2  
  165  14:05  Dark Templar  
  165  14:06  Archon  
  164  14:11  Dark Templar, Disruptor  
  164  14:15  Dark Templar  
  134  14:34  Zealot x4  
  134  14:35  Zealot x2  
  146  14:39  Dark Templar  
  146  14:44  Dark Templar x2  
  115  14:58  Zealot x3  

Tags
 
Add a new tag
Caveats
  • Supply blocks, unpowered buildings, or Contaminate may cause inaccurate times.
  • Supply counts are checked every 10 seconds.